 Dungeon Crawl Stone Soup version 0.21-a0-279-g6037ffb (webtiles) character file.

51678 epen the Carver (level 14, -3/124 HPs)
             Began as a Pale Draconian Wanderer on Sept 23, 2017.
             Was a High Priest of Dithmenos.
             Slain by Dominolapin's ghost (10 damage)
             ... on level 3 of the Lair of Beasts.
             The game lasted 00:45:27 (18841 turns).

epen the Carver (Pale Draconian Wanderer)          Turns: 18841, Time: 00:45:28

Health: -3/124     AC: 12    Str: 16    XL:     14   Next: 24%
Magic:  20/20      EV:  2    Int: 12    God:    Dithmenos [*****.]
Gold:   869        SH:  0    Dex: 15    Spells: 12/13 levels left

rFire    + . .     SeeInvis .   F - +7 double sword of Imbalance {venom, rElec MR+}
rCold    + . .     Gourm    .   t - +0 buckler
rNeg     + + +     Faith    .   (armour unavailable)
rPois    ∞         Spirit   .   K - +1 hat
rElec    +         Reflect  .   k - +1 cloak
rCorr    .         Harm     .   q - +0 pair of gloves
MR       ++...                  (no boots)
Stlth    +++++++...             (no amulet)
HPRegen  0.30/turn              s - ring of protection from cold
MPRegen  0.17/turn              w - ring of protection from fire

@: petrified, wreathed by umbra
A: breathe steam, unfitting armour, cold-blooded, AC +8
a: Breathe Steam, Shadow Step, Shadow Form, Renounce Religion


You were on level 3 of the Lair of Beasts.
You worshipped Dithmenos.
Dithmenos was extremely pleased with you.
You were not hungry.

You visited 3 branches of the dungeon, and saw 15 of its levels.
You also visited: Volcano.

You collected 869 gold pieces.

Inventory:

Hand Weapons
 B - a +0 falchion of electrocution
 F - the +7 double sword of Imbalance (weapon) {venom, rElec MR+}
   (You acquired it on level 11 of the Dungeon)

   It poisons the flesh of those it strikes.
   It insulates you from electricity.
   It affects your resistance to hostile enchantments.
Missiles
 D - 9 needles of confusion
Armour
 k - a +1 cloak (worn)
 q - a +0 pair of gloves (worn)
 t - a +0 buckler (worn)
 K - a +1 hat (worn)
Jewellery
 d - an uncursed ring of resist corrosion
 g - an uncursed ring of magical power
 o - an uncursed ring of protection from magic
 s - a ring of protection from cold (left hand)
 w - a ring of protection from fire (right hand)
Wands
 a - a wand of acid (9/15)
 m - a wand of polymorph (10/24)
 v - a wand of lightning (5/15)
 I - a wand of lightning (6/15)
Scrolls
 e - 6 scrolls of enchant weapon
 j - 3 scrolls of identify
 n - 2 scrolls of enchant armour
 u - 2 scrolls of fog
 G - 3 scrolls of recharging
 H - 5 scrolls of remove curse
 Q - 3 scrolls of summoning
 R - 2 scrolls of teleportation
 S - a scroll of amnesia
Potions
 c - 5 potions of lignification
 h - 3 potions of brilliance
 i - 4 potions of curing
 p - a potion of heal wounds
 z - 3 potions of agility
 E - 2 potions of invisibility
 J - a potion of flight
 M - a potion of resistance
 N - 2 potions of ambrosia {unknown}
 O - 2 potions of cancellation
 U - a potion of haste
Books
 l - a book of Misfortune

   Spells                             Type                      Level
   a - Confusing Touch                Hexes                        1
   b - Confuse                        Hexes                        3
   c - Gell's Gravitas                Translocation                3
   d - Petrify                        Transmutation/Earth          4
   e - Metabolic Englaciation         Hexes/Ice                    5
   f - Yara's Violent Unravelling     Hexes/Transmutation          5
 r - a book of Clouds

   Spells                             Type                      Level
   a - Poisonous Vapours              Poison/Air                   2
   b - Mephitic Cloud                 Conjuration/Poison/Air       3
   c - Conjure Flame                  Conjuration/Fire             3
   d - Freezing Cloud                 Conjuration/Ice/Air          6
   e - Ring of Flames                 Charms/Fire                  7
 y - a book of Cantrips

   Spells                             Type                      Level
   a - Confusing Touch                Hexes                        1
   b - Animate Skeleton               Necromancy                   1
   c - Summon Small Mammal            Summoning                    1
   d - Apportation                    Translocation                1
 C - a book of the Warp

   Spells                             Type                      Level
   a - Gell's Gravitas                Translocation                3
   b - Portal Projectile              Hexes/Translocation          3
   c - Force Lance                    Conjuration/Translocation    4
   d - Dispersal                      Translocation                6
   e - Controlled Blink               Translocation                8
   f - Disjunction                    Translocation                8
 L - a book of the Earth

   Spells                             Type                      Level
   a - Leda's Liquefaction            Hexes/Earth                  4
   b - Bolt of Magma                  Conjuration/Fire/Earth       5
   c - Statue Form                    Transmutation/Earth          6
   d - Iron Shot                      Conjuration/Earth            6
   e - Shatter                        Earth                        9
 P - a book of Dreams

   Spells                             Type                      Level
   a - Ensorcelled Hibernation        Hexes/Ice                    2
   b - Silence                        Hexes/Air                    5
   c - Darkness                       Hexes                        6
   d - Shadow Creatures               Summoning                    6
 V - a book of the Sky

   Spells                             Type                      Level
   a - Summon Lightning Spire         Summoning/Air                4
   b - Silence                        Hexes/Air                    5
   c - Deflect Missiles               Charms/Air                   6
   d - Conjure Ball Lightning         Conjuration/Air              6
   e - Tornado                        Air                          9
Comestibles
 b - 10 meat rations
 f - 4 bread rations
 x - 19 fruits
 A - 3 royal jellies


   Skills:
 + Level 11.1 Fighting
 * Level 14.2 Long Blades
   Level 1.7 Crossbows
 + Level 9.4 Dodging
 + Level 9.3 Stealth
 - Level 4.7 Shields
 - Level 4.0 Invocations
 + Level 8.3 Evocations


You had 12 spell levels left.
You knew the following spells:

 Your Spells              Type           Power        Failure   Level  Hunger
a - Apportation           Tloc           #.....       32%         1    ##.....


Dungeon Overview and Level Annotations

Branches:
Dungeon (11/15)            Temple (1/1) D:4            Lair (3/6) D:8
  Swamp (0/4) Lair:3        Snake (0/4) Lair:3
    Orc: D:9-12

Altars:
Ashenzari
Cheibriados
Dithmenos
Elyvilon
Fedhas
Gozag
Hepliaklqana
Kikubaaqudgha
Makhleb
Nemelex Xobeh
Okawaru
Qazlal
Ru
Sif Muna
Trog
Xom
Zin
The Shining One

Annotations:
Lair:3 Dominolapin's ghost, journeyman DgEE


Innate Abilities, Weirdness & Mutations

You can breathe blasts of scalding, opaque steam.
Your pale cyan-grey scales are hard. (AC +8)
You cannot fit into any form of body armour.
You are cold-blooded and may be slowed by cold attacks.


Message History

The iron shot hits you!
Your limbs are stiffening.
Dominolapin's ghost casts a spell at you.
You shatter!
* * * LOW HITPOINT WARNING * * *
You have turned to stone.
Dominolapin's ghost hits you but does no damage.
Dominolapin's ghost hits you!
* * * LOW HITPOINT WARNING * * *
Dominolapin's ghost burns you.
* * * LOW HITPOINT WARNING * * *
Dominolapin's ghost casts a spell at you.
The stone arrow hits you!
* * * LOW HITPOINT WARNING * * *
Dominolapin's ghost hits you!
* * * LOW HITPOINT WARNING * * *
Dominolapin's ghost burns you.
* * * LOW HITPOINT WARNING * * *
Dominolapin's ghost hits you but does no damage.
Dominolapin's ghost hits you!!
You die...

#.......###......##.##..P.....#
##....(.##.......######........
#........#.#.....# #..P......
#................# ##..#......
##...##.#.......## #.#.P....§§
#P....####......######....≈.≈§§
##...## ##......#.####...≈PP≈≈
#...## #.....###.P#§...≈≈≈≈≈
#...P# #.>.@W.......§..P≈P≈≈
##...######...........§§#§≈≈≈P≈
#......#..............§.§.)≈≈P≈
##....................§..♣PP≈≈≈
#P###..#####.###P#.##.#§♣≈≈≈≈≈
## #### ### ####.##.#♣♣≈≈≈≈
###### ♣≈≈≈≈ ♣♣PP≈ ♣P≈≈


You could see Dominolapin's ghost.

Vanquished Creatures
  Gastronok (D:9)
  Erolcha (D:10)
  2 hydras
  4 two-headed ogres
  Urug (D:10)
  Pikel (D:8)
  A lindwurm (Lair:3)
  An ugly thing (D:11)
  A manticore (D:9)
  3 oklob plants (Lair:1)
  2 salamanders (Volcano)
  3 black mambas
  A centaur zombie (D:9)
  Psyche (D:11)
  9 spiny frogs
  3 komodo dragons
  The ghost of vishdafish the Digger, a novice DsEE (D:6)
  3 trolls
  Grinder (D:6)
  A tyrant leech (Lair:3)
  3 hippogriffs
  7 blink frogs
  2 dream sheep (D:8)
  A shadow (D:10)
  A wraith (D:10)
  2 wyverns (D:9)
  34 yaks
  4 basilisks (Lair:3)
  Grum (D:8)
  5 fire bats
  2 hungry ghosts
  3 swamp worms (Lair:3)
  2 hell hounds (Volcano)
  6 nagas (Lair:3)
  7 water moccasins
  5 porcupines
  7 ice beasts
  2 orc warriors
  3 slaves (D:8)
  A black bear (D:7)
  An eye of draining (D:11)
  4 phantoms
  4 sky beasts
  5 ogres
  9 centaurs
  3 wolves (D:8)
  A crocodile (Lair:3)
  4 big kobolds
  8 bullfrogs
  An elf skeleton (D:4)
  5 killer bees (D:6)
  A water moccasin skeleton (D:7)
  4 scorpions
  2 vampire bats (D:5)
  4 wights (D:5)
  4 jellies
  An electric eel (Lair:3)
  A howler monkey (D:4)
  5 crimson imps
  4 hounds
  A human zombie (D:4)
  9 orc priests
  3 bullfrog skeletons
  3 centaur skeletons (D:11)
  A gnoll shaman (D:7)
  3 orc wizards
  3 human skeletons (D:4)
  8 worker ants
  3 iguanas
  3 hound skeletons
  9 gnolls
  7 adders
  4 shadow imps
  A worm (D:3)
  A dart slug (D:2)
  6 leopard geckos
  43 orcs
  2 ball pythons
  2 giant cockroaches
  8 goblins
  5 hobgoblins
  10 jackals
  4 quokkas
  15 bats
  2 frilled lizards
  20 kobolds
  A leopard gecko skeleton (D:4)
  An orc zombie (D:4)
  5 rats
  A fungus (Lair:3)
  A plant (Lair:1)
395 creatures vanquished.

Vanquished Creatures (others)
  3 fungi
  8 plants
11 creatures vanquished.

Grand Total: 406 creatures vanquished

Notes
Turn   | Place    | Note
-------+----------+-------------------------------------------
     0 | D:1      | epen the Draconian Wanderer began the quest for the Orb.
     0 | D:1      | epen set off with: a +2 falchion, a +0 spear, a potion of lignification, a +0 dagger, a bread ration
     0 | D:1      | Reached XP level 1. HP: 16/16 MP: 1/1
   367 | D:1      | Reached XP level 2. HP: 23/23 MP: 2/2
   897 | D:2      | Reached XP level 3. HP: 29/29 MP: 3/3
  1205 | D:2      | Reached XP level 4. HP: 37/37 MP: 4/4
  1206 | D:2      | namelastname112: ??dark maul
  1210 | D:2      | beem: dark maul[1/2]: +10 great mace of crushing with altered stats: 52 dam / -2 acc / 3.0 base delay / 1.65 min delay (with 27 m&f)
  1556 | D:3      | Found an ancient bone altar of Kikubaaqudgha.
  1813 | D:3      | Found a shadowy altar of Dithmenos.
  1814 | D:3      | Found a deep blue altar of Sif Muna.
  2091 | D:3      | Became a worshipper of Dithmenos the Shadowed
  2227 | D:4      | Noticed an ogre
  2236 | D:3      | Reached skill level 4 in Long Blades
  2303 | D:4      | Found a shattered altar of Ashenzari.
  2673 | D:4      | Found a white marble altar of Elyvilon.
  2679 | D:4      | Found a staircase to the Ecumenical Temple.
  2764 | D:4      | Noticed a phantom
  2783 | D:4      | Killed a phantom
  2783 | D:4      | Reached XP level 5. HP: 9/45 MP: 5/5
  2850 | Temple   | Entered the Ecumenical Temple
  3060 | Temple   | namelastname112: ??tree form
  3060 | Temple   | beem: tree form[1/3]: Immobile form with -Tele, +50% HP, 20 + XL/2 AC, minimal EV, rN+++, rPois, torment immunity, and gives +12 base UC damage. Unlike statue form, tree form does NOT give rot or poison immunity.
  3356 | D:4      | Reached skill level 5 in Long Blades
  3356 | D:4      | Reached XP level 6. HP: 40/51 MP: 6/6
  4084 | D:4      | Reached skill level 1 in Shields
  4084 | D:4      | Your scales start taking on a pale cyan-grey colour.
  4084 | D:4      | Reached XP level 7. HP: 59/59 MP: 7/7
  4243 | D:5      | Entered Level 5 of the Dungeon
  4260 | D:5      | Learned a level 1 spell: Apportation
  4331 | D:5      | Found the +4 Vampire's Tooth {vamp}
  4335 | D:5      | Reached skill level 6 in Long Blades
  4385 | D:5      | Reached * piety under Dithmenos
  4888 | D:5      | Reached XP level 8. HP: 58/67 MP: 8/8
  5173 | D:5      | Reached skill level 7 in Long Blades
  5448 | D:6      | Reached skill level 5 in Fighting
  5786 | D:6      | Found a sparkling altar of Nemelex Xobeh.
  5810 | D:6      | Noticed Grinder
  5820 | D:6      | Killed Grinder
  5943 | D:6      | Noticed vishdafish's ghost (novice DsEE)
  5988 | D:7      | Reached ** piety under Dithmenos
  6140 | D:7      | Found a sparkling altar of Nemelex Xobeh.
  6302 | D:7      | Reached skill level 8 in Long Blades
  6302 | D:7      | Reached skill level 5 in Dodging
  6445 | D:7      | Reached XP level 9. HP: 74/74 MP: 9/9
  7150 | D:6      | Noticed a two-headed ogre
  7158 | D:6      | Killed a two-headed ogre
  7158 | D:6      | Reached skill level 9 in Long Blades
  7426 | D:6      | Reached *** piety under Dithmenos
  7426 | D:6      | Reached skill level 5 in Stealth
  7550 | D:6      | Reached XP level 10. HP: 84/84 MP: 10/10
  7594 | D:6      | Reached skill level 1 in Invocations
  7957 | D:6      | Killed vishdafish's ghost
  8102 | D:8      | Noticed Pikel
  8123 | D:8      | Killed Pikel
  8350 | D:8      | Noticed Grum
  8373 | D:8      | Killed Grum
  8434 | D:8      | Reached skill level 10 in Long Blades
  8534 | D:8      | Found a staircase to the Lair.
  9107 | D:9      | Found a glowing golden altar of the Shining One.
  9481 | D:9      | Reached XP level 11. HP: 94/94 MP: 14/14
  9484 | D:9      | Noticed a two-headed ogre
  9597 | D:9      | Killed a two-headed ogre
 10064 | D:9      | Noticed a two-headed ogre
 10076 | D:9      | Killed a two-headed ogre
 10334 | D:9      | Noticed Gastronok
 10411 | D:9      | Killed Gastronok
 10411 | D:9      | Reached **** piety under Dithmenos
 10411 | D:9      | Reached skill level 11 in Long Blades
 10647 | D:10     | Entered Level 10 of the Dungeon
 10765 | D:10     | Noticed Urug
 10779 | D:10     | Killed Urug
 10879 | D:10     | namelastname112: @??urug
 10879 | D:10     | beem: Urug (o)
                  | Spd:
    10 | HD: 9    | HP: 55-80
                  | AC/EV: 8/11
                  | Dam: 25
                  | weapons, items, doors, fighter
                  | Res: magic(40)
                  | XP:
   836 | Sz: Medium | Int: human.
 11081 | D:10     | namelastname112: @??lomlobon
 11083 | D:10     | beem: unknown monster: "lomlobon"
 11085 | D:10     | namelastname112: @??lom lobon
 11086 | D:10     | beem: Lom Lobon (&)
                  | Spd:
    10 | HD: 19   | HP: 296-463
                  | AC/EV: 10/20
                  | Dam: 40(antimagic)
                  | demonic, doors, fighter, evil, see invisible, fly
                  | Res: magic(immune), fire, cold+++, elec+++, poison, rot, neg+++, torm
                  | Vul: holy
                  | XP: 11004
                  | Sp: conjure ball lightning [!sil], glaciate (10-132) [!sil], tornado [!sil], major healing (50-240) [!sil], blink
 11086 | D:10     | beem: range [!sil]
                  | Sz: Large
                  | Int: human.
 11188 | D:10     | Found an opulent altar of Gozag.
 11226 | D:10     | Reached skill level 5 in Evocations
 11228 | D:10     | namelastname112: @??iron golem
 11256 | D:10     | Noticed Erolcha
 11257 | D:10     | beem: iron golem (8)
                  | Spd:
     7 | HD: 15   | HP: 115-157
                  | AC/EV: 15/3
                  | Dam: 35
                  | non-living, doors, unbreathing
                  | Res: magic(immune), fire+++, cold+++, elec+++, poison+++, drown, rot+++, neg+++, torm
                  | XP:
   807 | Sz: Large | Int: brainless.
 11270 | D:10     | Killed Erolcha
 11271 | D:10     | Noticed a two-headed ogre
 11285 | D:10     | Killed a two-headed ogre
 11698 | D:11     | Identified a scroll of acquirement
 11699 | D:11     | Got a twisted double sword
 11705 | D:11     | Identified the +7 double sword of Imbalance {venom, rElec MR+} (You acquired it on level 11 of the Dungeon)
 11883 | D:11     | Reached skill level 12 in Long Blades
 11883 | D:11     | Reached XP level 12. HP: 99/104 MP: 16/16
 11984 | D:11     | Noticed Psyche
 11991 | D:11     | Killed Psyche
 12291 | D:11     | Reached ***** piety under Dithmenos
 12864 | Lair:1   | Entered Level 1 of the Lair of Beasts
 12916 | Lair:1   | Noticed a six-headed hydra
 13132 | Lair:1   | You fall through a shaft!
 13495 | Lair:1   | Found a dark tunnel.
 13505 | Volcano  | Entered a volcano
 13717 | Volcano  | Upgraded the game from 0.21-a0-278-ga722497 to 0.21-a0-279-g6037ffb
 15224 | Lair:1   | Reached skill level 10 in Fighting
 15225 | Lair:1   | Reached skill level 13 in Long Blades
 15253 | Lair:1   | Identified the Tome of Transmutation and the Rocks
 15265 | Lair:1   | Reached XP level 13. HP: 105/114 MP: 18/18
 16778 | Lair:3   | Reached XP level 14. HP: 94/122 MP: 19/19
 17157 | Lair:3   | Reached skill level 14 in Long Blades
 17250 | Lair:3   | Noticed Dominolapin's ghost (journeyman DgEE)
 18001 | Lair:3   | Found a staircase to the Snake Pit.
 18263 | Lair:3   | Found a staircase to the Swamp.
 18839 | Lair:3   | HP: 6/124 [Dominolapin's ghost (1)]
 18841 | Lair:3   | Slain by Dominolapin's ghost

Vault maps used:
D:1:      nzn_arrival_crosshair, minmay_misc_feat_secret_circle
D:2:      minmay_misc_feat_roman
D:3:      kiku_gazebo_pond_becter, gammafunk_temple_overflow_statue, first_bread
D:4:      marbit_many_paths, overflow_temple_1_default,
          minmay_temple_entry_trees, nicolae_ossuary_entry_catacombs,
          grunt_ministairs_1
D:5:      minmay_guarded_unrand_vampires_tooth
D:6:      nemelex_diamond_rough_becter, uniq_grinder
D:7:      basic_altar
D:8:      lair_entry_dummy, hangedman_ranch, uniq_pikel, uniq_grum
D:9:      nicolae_overflow_crystal_walls, kennysheep_nub, uniq_gastronok
D:10:     nicolae_gozag_cash_rules_everything_around_me, uniq_erolcha, uniq_urug
D:11:     uniq_psyche
Temple:   nicolae_temple_x_marks_the_god
Lair:1:   nicolae_volcano_entry_batcave, hangedman_lair_unloving_vines,
          serial_bayou_shore_b, minmay_lair_oklob_chamber, grunt_megastairs_4
Lair:3:   minmay_swamp_entry_worms, minmay_snake_entry_guardpost_medium,
          kennysheep_basilisk_garden, serial_bayou_shore_a, grunt_megastairs_5
Volcano:  volcano_village

Skill      XL: |  1  2  3  4  5  6  7  8  9 10 11 12 13 14 |
---------------+-------------------------------------------+-----
Fighting       | 2 3 4 5 6 7 9 10 11 | 11.1
Dodging        | 2 3 4 5 6 7 8 9 |  9.4
Long Blades    | 4 5 6 8 9 10 12 13 14 | 14.2
Shields        | 1 2 3 4 |  4.7
Stealth        | 2 3 5 6 7 8 9 |  9.3
Invocations    | 4 |  4.0
Evocations     | 2 5 7 8 |  8.3
Crossbows      | |  1.7

Action                   |  1- 3 |  4- 6 |  7- 9 | 10-12 | 13-15 || total
-------------------------+-------+-------+-------+-------+-------++-------
Melee: Falchion          |    48 |    10 |   140 |   245 |       ||   443
       Tailslap          |     4 |    33 |    35 |    75 |    22 ||   169
       Short sword       |    16 |   192 |    28 |       |       ||   236
       Dagger            |       |       |   124 |       |       ||   124
       Double sword      |       |       |       |   176 |   162 ||   338
 Abil: Breathe Steam     |       |       |    27 |    56 |    40 ||   123
Evoke: Wand              |       |       |       |     3 |       ||     3
  Use: Scroll            |       |     5 |     6 |    10 |     1 ||    22
       Potion            |       |     4 |       |     1 |     2 ||     7
 Stab: Sleeping          |     2 |     3 |     3 |    27 |     5 ||    40
       Distracted        |       |       |     1 |     1 |       ||     2
  Eat: Chunk             |     1 |     3 |    16 |    20 |    13 ||    53
       Bread ration      |       |     1 |     1 |     1 |       ||     3
       Royal jelly       |       |       |       |     1 |     2 ||     3
       Meat ration       |       |       |       |     1 |       ||     1
Armor: Skin              |    28 |    55 |    75 |    64 |    26 ||   248
Dodge: Dodged            |    40 |   111 |   223 |   259 |   119 ||   752
Block: Buckler           |       |       |     5 |    76 |    34 ||   115
       Rpst.: Falchion   |    10 |       |    40 |    44 |       ||    94
       Double sword      |       |       |       |    35 |    24 ||    59

Table legend:
 A = Spawn XP
 B = Non-spawn XP
 C = Spawn XP percentage of total XP
 D = Spawn monster count
 E = Non-spawn monster count
 F = Spawn count percentage of total count
 G = Total turns spent on level
                    A         B        C        D         E        F      G
               +---------+---------+-------+---------+---------+-------+---------
         Total |       0 |   49789 |   0.0 |       0 |     390 |   0.0 | 18841
               +---------+---------+-------+---------+---------+-------+---------
           D:1 |       0 |      28 |   0.0 |       0 |      16 |   0.0 |   715
           D:2 |       0 |      69 |   0.0 |       0 |      16 |   0.0 |   525
           D:3 |       0 |      35 |   0.0 |       0 |      16 |   0.0 |  1455
           D:4 |       0 |     668 |   0.0 |       0 |      20 |   0.0 |  1332
           D:5 |       0 |     907 |   0.0 |       0 |      33 |   0.0 |  1105
           D:6 |       0 |    2986 |   0.0 |       0 |      41 |   0.0 |  1505
           D:7 |       0 |    1335 |   0.0 |       0 |      29 |   0.0 |  1162
           D:8 |       0 |    3230 |   0.0 |       0 |      23 |   0.0 |  1073
           D:9 |       0 |    6516 |   0.0 |       0 |      29 |   0.0 |  1599
          D:10 |       0 |    5107 |   0.0 |       0 |      25 |   0.0 |  1044
          D:11 |       0 |    3829 |   0.0 |       0 |      43 |   0.0 |  1133
        Lair:1 |       0 |    7511 |   0.0 |       0 |      27 |   0.0 |  1739
        Lair:2 |       0 |    3261 |   0.0 |       0 |      11 |   0.0 |  1739
        Lair:3 |       0 |   12276 |   0.0 |       0 |      52 |   0.0 |  1833
       Volcano |       0 |    2031 |   0.0 |       0 |       9 |   0.0 |   666
               +---------+---------+-------+---------+---------+-------+---------
